[Event "*** Titled Tuesday 3|2 Blitz"]
[Site "Chess.com"]
[Date "2016.07.05"]
[Round "5"]
[White "anon97531"]
[Black "LonesomeGeorge1"]
[Result "0-1"]
[WhiteElo "2286"]
[BlackElo "2288"]
[TimeControl "180+2"]
[EndTime "18:04:03 PDT"]
[Termination "LonesomeGeorge1 won by resignation"]

1. e4 c5 2. Nc3 Nc6 3. f4 g6 4. Nf3 Bg7 5. Bb5 Nd4 6. O-O e6 7.
Bd3 d6 8. Nxd4 cxd4 9. Ne2 Ne7 10. c3 Nc6 11. cxd4 Nxd4 12. Nxd4 Bxd4+ 13. Kh1 Bg7 14. Bb5+ Bd7 15. Qa4 Bxb5 16. Qxb5+ Qd7 17. Qxd7+ Kxd7 18. d3 f5 19. Be3 Rhc8 20. Rac1 a6 21. b3 Bb2 22.
Rb1 Rc2 23. Rf2 Rac8 24. Kg1 Rxf2 25. Kxf2 Rc2+ 26. Kf3 Ba3 27. Ra1 Bb2 28. Rb1 b5 29.
a4 Kc6 30. h3 Bf6 31. g4 Bb2 32. h4 Bf6 33. h5 gxh5 34. gxf5 exf5 35. exf5 h4 36.
axb5+ Kxb5 37. Ke4 h3 38. Kd5 h2 39. Rh1 Kb4 40.
Kxd6 Kxb3 41. Ke6 Rc6+ 42. Kd5 Rc2 43. Ke6 Bb2 44. d4 Re2 45. Kd5 Rxe3 46. Rxh2 Rd3 47. Rxh7 Rxd4+ 48. Kc5 Rxf4 49. Rf7 a5 50. Rb7+ Kc2 51. f6 Rxf6 52. Kb5 Rf5+ 53. Ka4 Bc3 54. Rc7 Rf4+ 55. Ka3 Rf1 56. Ka4 Ra1+ 57. Kb5 a4 58.
Rh7 Kb3 59. Rh3 a3 60. Rh2 a2 61. Kc5 Rb1 0-1

[Event "*** Titled Tuesday 3|2 Blitz"]
[Site "Chess.com"]
[Date "2016.07.05"]
[Round "5"]
[White "dretch"]
[Black "Astaneh"]
[Result "0-1"]
[WhiteElo "2609"]
[BlackElo "2461"]
[TimeControl "180+2"]
[EndTime "18:04:36 PDT"]
[Termination "Astaneh won by resignation"]

1. d4 Nf6 2. c4 g6 3. Nc3 d5 4.
Bf4 Bg7 5. Rc1 dxc4 6. e3 O-O 7. Bxc4 c6 8. Nf3 Nbd7 9. O-O Nb6 10. Bb3 Nfd5 11.
Bg3 Nxc3 12. Rxc3 Bg4 13. h3 Bh5 14. Bh2 Bxf3 15. Qxf3 e6 16. Rd1 Qe7 17. Bg3 Rfd8 18. Qe4 Nd5 19. Rcc1 Qb4 20. Qc2 Qb6 21. Qc5 Qxc5 22. Rxc5 Nb6 23. Kf1 Rd7 24. Ra5 Bf8 25. a3 a6 26. Ke2 Be7 27. Rc1 Nd5 28. Be5 Kf8 29. e4 Nc7 30. Ra4 Nb5 31. Rd1 Rad8 32.
Ke3 f6 33. Bxe6 fxe5 34. Bxd7 exd4+ 35. Kd3 Rxd7 36. f4 c5 37. e5 Nc7 38. Ke4 Na8 39.
Rc4 b5 40. Rc2 Nb6 41. g4 Nc4 42. Re2 Ke8 43. f5 Bf8 44. e6 Rd6 45. Rf1 Ne3 46. Rf3 Nc4 47. b4 cxb4 48. axb4 Nb6 49. Rd2 Bg7 50.
Kd3 Ke7 51. Rdf2 gxf5 52. gxf5 Bf6 53. Rb2 Nd5 54. Ke4 Nc3+ 55. Kd3 Rc6 56. Rg3 Nd5 57. Ke4 Kd6 58. Rd2 Rc3 59. Rxc3 Nxc3+ 60. Kf3 Nd5 61. Ke4 Nxb4 62. Rg2 d3 63. Ke3 h6 64.
Rg6 Bg5+ 65. Kf2 d2 66. Ke2 Nd5 67. e7+ Kxe7 68. Rc6 b4 69. Kd1 Nc3+ 70. Kc2 d1=Q+ 0-1

[Event "*** Titled Tuesday 3|2 Blitz"]
[Site "Chess.com"]
[Date "2016.07.05"]
[Round "5"]
[White "GeorgMeier"]
[Black "GianmarcoVaR"]
[Result "1-0"]
[WhiteElo "2656"]
[BlackElo "2410"]
[TimeControl "180+2"]
[EndTime "18:04:51 PDT"]
[Termination "GeorgMeier won by resignation"]

1. Nf3 Nf6 2. g3 b6 3. Bg2 Bb7 4. O-O c5 5. c4 g6 6. Nc3 Bg7 7. b3 O-O 8. Bb2 Nc6 9. d4 Nxd4 10. Nxd4 Bxg2 11. Kxg2 cxd4 12. Qxd4 d6 13. Rad1 Qd7 14. e4 Rab8 15. h3 a6 16. a4 Qc6 17. Rfe1 Rfe8 18. Qe3 Nd7 19. Rd2 Nc5 20. Nd5 Bxb2 21.
Rxb2 b5 22. cxb5 axb5 23. Rc2 Qd7 24. a5 Na6 25. Rec1 b4 26. Qd4 Rb5 27. Nc7 Nxc7 28. Rxc7 Qe6 29. a6 Ra5 30. a7 Ra8 31. Qxb4 Kg7 32. Qd4+ Qe5 33. Qxe5+ dxe5 34. Rxe7 R8xa7 35. Rxa7 Rxa7 36. Rb1 Kf6 37. b4 Ke6 38. Kf3 Kd6 39.
Kg4 h6 40. h4 Ra4 41. h5 Kc6 42. f4 exf4 43. gxf4 Kb5 44. e5 Ra2 45. hxg6 Rg2+ 46. Kf5 Rxg6 47. Ke4 h5 48. f5 Rh6 49. Kf4 h4 50. Kg5 Rh7 51. Kf6 h3 52. e6 fxe6 53. fxe6 h2 54. e7 Kc6 55. b5+ Kd7 56. Rd1+ Kc7 57. b6+ Kxb6 58. Rh1 Rh8 59. Rxh2 Rxh2 60. e8=Q Rf2+ 61. Kg5 Rg2+ 62. Kf4 Rb2 63. Qb8+ 1-0

[Event "*** Titled Tuesday 3|2 Blitz"]
[Site "Chess.com"]
[Date "2016.07.05"]
[Round "5"]
[White "jcibarra"]
[Black "Hikaru"]
[Result "1/2-1/2"]
[WhiteElo "2669"]
[BlackElo "2998"]
[TimeControl "180+2"]
[EndTime "18:04:55 PDT"]
[Termination "Game drawn - insufficient material"]

1. e4 e5 2. Nf3 Nc6 3. Bb5 Nf6 4. O-O Nxe4 5. Re1 Nd6 6. Nxe5 Be7 7. Bf1 Nf5 8. c3 Nxe5 9. Rxe5 d6 10. Re1 O-O 11. d4 d5 12. Nd2 Bd6 13. Nf3 Nh4 14. Nxh4 Qxh4 15. g3 Qf6 16. Bg2 c6 17. Qf3 Qxf3 18. Bxf3 Bf5 19. Bd2 a5 20. Bf4 Bxf4 21. gxf4 f6 22.
Re7 Rf7 23. Rae1 Kf8 24. Rxf7+ Kxf7 25. a3 Ra6 26. h4 Rb6 27. Re2 g6 28. Kg2 Ra6 29.
Kg3 h5 30. Re1 Rb6 31. Re2 Ra6 32. Re1 Ra8 33. Bd1 Be4 34. Re3 Re8 35. f3 Bf5 36. Rxe8 Kxe8 37. Kf2 Kf7 38. Kg3 Kg7 39. b4 axb4 40.
axb4 Kh6 41. Be2 Bd7 42. Bd3 Kg7 43. Kf2 Kf7 44. Ke3 Be8 45. Kf2 Ke7 46. Ke3 Kd6 47. Kd2 b6 48. Ke3 c5 49. bxc5+ bxc5 50. Kd2 cxd4 51. cxd4 Ke7 52. Ke3 Kf7 53. Kf2 Ba4 54. Kg3 Bd1 55. Bb5 Bc2 56. Bc6 Ke6 57.
Bb5 Kd6 58. Kf2 Kc7 59. Ke3 Bf5 60. Kd2 Kd6 61. Ke3 Bb1 62. Be8 Ke6 63. Bb5 Bc2 64. Bf1 Bb3 65. Bd3 Kf7 66. Bb5 Ke6 67. Bd3 Kf7 68.
Bb5 Ba2 69. Bd3 Kg7 70. Kf2 Kf7 71. Ke3 Bb3 72. Kf2 Bc4 73. Bc2 Kg7 74. Kg3 Kh6 75.
Bb1 g5 76. fxg5+ fxg5 77. hxg5+ Kxg5 78. f4+ Kf6 79. Kh4 Be2 80. Bc2 Bg4 81. Bd3 Bf5 82. Be2 Bg6 83. Bf3 Kf5 84. Bxd5 Kxf4 85. Bg8 Be8 86. d5 Ke5 87. Be6 Kd6 88. Bg4 hxg4 89.
Kxg4 Bf7 90. Kf4 Bg8 91. Ke3 Bf7 92. Kf4 Bg6 93. Ke3 Bb1 94. Kf4 Ba2 95. Kf3 Bb3 96. Kf4 Kxd5 1/2-1/2

[Event "*** Titled Tuesday 3|2 Blitz"]
[Site "Chess.com"]
[Date "2016.07.05"]
[Round "5"]
[White "Zenzo"]
[Black "dawtonlms"]
[Result "0-1"]
[WhiteElo "2310"]
[BlackElo "2181"]
[TimeControl "180+2"]
[EndTime "18:05:23 PDT"]
[Termination "dawtonlms won by checkmate"]

1. e4 c5 2. Nf3 e6 3. d4 cxd4 4. Nxd4 a6 5. Nc3 Qc7 6. Bd3 Nf6 7. O-O Nc6 8. Nxc6 dxc6 9. f4 Bc5+ 10. Kh1 e5 11. f5 h5 12. Qe2 Ng4 13. Nd1 Qb6 14. a3 a5 15. Rb1 a4 16. Bd2 f6 17. h3 Bd7 18. Rf3 Kf8 19. Ne3 Be8 20. Rg3 Nxe3 21. Bxe3 Bxe3 22. Rxe3 Bf7 23. Rf3 Rd8 24. Rff1 Ba2 25.
Rbd1 Qxb2 26. Bc4 Rd4 27. Bxa2 Qxa2 28. Rxd4 exd4 29. e5 Qd5 30. exf6 gxf6 31. Re1 Qd7 32. Qe4 Rg8 33. Qf4 Kf7 34. Re6 Qd5 35. Qf2 h4 36. Re2 Rg3 37. Kh2 Qd6 38. Kg1 d3 39. cxd3 Rxd3 40. Qxh4 Rd1+ 41. Re1 Qc5+ 42. Kh2 Rxe1 43. Qxe1 Qxf5 44. Qb4 Qe5+ 45. Kh1 b5 46. Qh4 Qa1+ 47.
Kh2 Qxa3 48. Qh7+ Ke6 49. Qg8+ Kd7 50. Qf7+ Qe7 51. Qa2 Qe5+ 52. g3 Qc3 53. Qf7+ Kd6 54. h4 a3 55. h5 Qb2+ 56. Kh3 a2 57. Qf8+ Kd5 58. Qf7+ Kc5 59. Qa7+ Kb4 60. Qe7+ Kb3 61. Qe6+ Ka3 62. Qd6+ Qb4 63. Qd3+ Qb3 64. Qd6+ b4 65. Qxf6 Qc3 66. Qf5 a1=Q 67. h6 Qh1+ 68. Kg4 Qc4+ 69. Kg5 Qcc1+ 70. Kg4 Qhxh6 71. Qd3+ b3 72. Qa6+ Kb2 73.
Qe2+ Qc2 74. Qe5+ Qc3 75. Qe2+ Qhd2 76. Qe4 Qd1+ 77. Kh3 Qh5+ 78. Kg2 Qc2+ 79. Kg1 Qxe4 80. Kf1 Qhh1+ 81. Kf2 Qhg2# 0-1

[Event "*** Titled Tuesday 3|2 Blitz"]
[Site "Chess.com"]
[Date "2016.07.05"]
[Round "5"]
[White "oskariot"]
[Black "SavelijTartakover"]
[Result "1/2-1/2"]
[WhiteElo "2294"]
[BlackElo "2499"]
[TimeControl "180+2"]
[EndTime "18:05:34 PDT"]
[Termination "Game drawn - insufficient material"]

1. e3 g6 2. Nf3 Bg7 3. c4 c5 4. Nc3 Nf6 5. g3 b6 6. Bg2 Bb7 7. O-O O-O 8. b3 d5 9. cxd5 Nxd5 10. Bb2 Nd7 11. Qe2 Nb4 12. Rfd1 Ba6 13. d3 Rc8 14. a3 Nc6 15. Rac1 e5 16. Nd2 Nf6 17. Nde4 Nxe4 18. Bxe4 Qd7 19. Nd5 Ne7 20. Nxe7+ Qxe7 21. Qf3 Rfd8 22.
Bc3 Kh8 23. Bd5 f5 24. e4 Rf8 25. Qg2 Bb7 26. Bxb7 Qxb7 27. exf5 Qxg2+ 28. Kxg2 gxf5 29. Re1 Rcd8 30. Bxe5 Rxd3 31. Bxg7+ Kxg7 32. b4 cxb4 33. axb4 Rf7 34. Re5 Rd4 35. b5 f4 36. g4 Rd3 37. h4 h6 38. Rc6 Rb3 39. g5 hxg5 40. hxg5 Rd7 41. Rf5 Rf7 42. Rxf7+ Kxf7 43. Rc7+ Kg6 44.
Rxa7 Kxg5 45. Rc7 Rxb5 46. Kf3 Rb3+ 47. Ke4 Rb4+ 48. Kf3 Kf5 49. Rf7+ Ke5 50. Re7+ Kd5 51. Rf7 b5 52. Rf5+ Kc4 53. Rxf4+ Kc3 54. Rf8 Rc4 55. Kg3 b4 56. f4 b3 57. Rb8 Rb4 58. Rc8+ Kd2 59.
Rd8+ Ke1 60. f5 b2 61. Rh8 Ke2 62. Rh1 b1=Q 63. Rxb1 Rxb1 64. Kf4 Kd3 65. Ke5 Re1+ 66. Kd6 Ke4 67. f6 Ra1 68. f7 Ra8 69. Ke7 Ke5 70.
f8=Q Rxf8 71. Kxf8 1/2-1/2

[Event "*** Titled Tuesday 3|2 Blitz"]
[Site "Chess.com"]
[Date "2016.07.05"]
[Round "5"]
[White "Ksenia_Legenko"]
[Black "MFBerna"]
[Result "0-1"]
[WhiteElo "2062"]
[BlackElo "2262"]
[TimeControl "180+2"]
[EndTime "18:05:51 PDT"]
[Termination "MFBerna won by checkmate"]

1. d4 Nf6 2. c4 e6 3. g3 Bb4+ 4. Bd2 Qe7 5. Bg2 O-O 6. Nf3 d5 7. Qc2 Nbd7 8. O-O Bxd2 9. Nbxd2 c5 10. e4 cxd4 11. Nxd4 dxe4 12. Nxe4 Nc5 13. Nc3 Rb8 14. Rad1 Bd7 15. b4 Na6 16. a3 Rfc8 17. Qb3 Nc7 18.
Rfe1 Rd8 19. Nf5 Qf8 20. Nd4 Be8 21. b5 Nd7 22. Ne4 Nc5 23. Qc2 e5 24. Nf5 N7e6 25. Nfd6 Nd4 26. Qb1 Rxd6 27. Nxc5 Qe7 28. Ne4 Rdd8 29.
h4 f6 30. Nc3 Bh5 31. Rd2 Qxa3 32. Bd5+ Kh8 33. Ne4 Nf3+ 34. Kg2 Nxe1+ 35. Qxe1 Bf3+ 36. Kh2 Qe7 37. Qe3 Bxe4 38. Qxe4 b6 39. Ra2 Rdc8 40. Qf5 Rd8 41. Be4 g6 42. Qf3 Kg7 43. Bd5 f5 44.
Qc3 Qf6 45. Qb3 Rd7 46. Bc6 Re7 47. Bd5 Rd8 48. Qb1 e4 49. Ra3 Qe5 50. Ra2 e3 51. Qf1 e2 52. Qe1 f4 53. Kg2 fxg3 54. fxg3 Rxd5 55.
cxd5 Qxd5+ 56. Kh3 Qxa2 57. Qc3+ Kf7 58. Qf3+ Kg7 59.
Qc3+ Kg8 60. Qc8+ Kf7 61. Qh8 Qe6+ 62. Kh2 e1=Q 63. Qxh7+ Ke8 64. Qh8+ Kd7 65. Qd4+ Kc7 66. Qf4+ Kb7 67. Qf3+ Kc8 68. Qa8+ Kd7 69. Qb7+ Ke8 70. Qb8+ Kf7 71. Qf4+ Kg7 72. Qd4+ Kh7 73. h5 Q6e2+ 74.
Kh3 Qh1# 0-1

[Event "*** Titled Tuesday 3|2 Blitz"]
[Site "Chess.com"]
[Date "2016.07.05"]
[Round "5"]
[White "wonderfultime"]
[Black "Danhy"]
[Result "1-0"]
[WhiteElo "2666"]
[BlackElo "2413"]
[TimeControl "180+2"]
[EndTime "18:05:59 PDT"]
[Termination "wonderfultime won on time"]

1. d4 Nf6 2. c4 g6 3. Nc3 d5 4. cxd5 Nxd5 5. e4 Nxc3 6. bxc3 Bg7 7. Qa4+ Nd7 8. Nf3 O-O 9. Be2 c5 10. O-O b6 11. Bg5 Bb7 12. d5 Bxc3 13. Rac1 Bf6 14.
Bh6 Re8 15. Bb5 Bc8 16. Bc6 b5 17. Bxb5 Nb6 18. Qa3 Bd7 19. Rxc5 Bxb5 20. Rxb5 Qd6 21. Qe3 Nc4 22. Qe2 Rac8 23. Rc1 Ne5 24. Rxc8 Rxc8 25. g3 Qc7 26. Kg2 Nxf3 27. Qxf3 Bg7 28. Bg5 Bd4 29. Qf4 Qxf4 30. gxf4 f6 31. Bh4 Kf8 32. Rb7 Rc2 33. a3 h6 34. Rb3 Bb6 35. Bg3 Kf7 36. Rd3 Bc5 37. e5 Ra2 38. Rc3 Bb6 39. e6+ Kg7 40. Kf3 Rd2 41. Ke4 f5+ 42. Kf3 Rxd5 43. Bh4 Bc5 44. a4 Bd6 45. Rc4 Rd1 46. Ke2 Rh1 47.
Rc8 Rxh2 48. Bg3 Rh1 49. Ra8 h5 50. Kf3 Ra1 51. Rxa7 Kf6 52. a5 Kxe6 53. a6 Kd5 54. Ra8 Bc5 55. Rd8+ Kc4 56. Ra8 Kb5 57. Rb8+ Bb6 58.
Bh4 Rxa6 59. Bxe7 Kc6 60. Rg8 Kd7 61. Bg5 Bd4 62. Rd8+ Ke6 63. Rxd4 Ra3+ 64. Kg2 Ra6 65. Rd8 Ra7 66. Rf8 Rg7 67. Rf6+ Kd7 68. Kg3 Rg8 69. Kh4 Ke8 70. Bh6 Ke7 71. Ra6 Rc8 72. Rxg6 Rc2 73. Rg2 Kf6 74. Bg7+ Kf7 75. Be5 Rc1 76. Kxh5 Ke6 77.
Rg6+ Kd5 78. Kg5 Ke4 79. f3+ Kxf3 80. Kxf5 Rc5 81. Rb6 Rc8 82. Rb3+ Ke2 83. Ke6 Rd8 84. f5 Rg8 85. f6 Rf8 86. f7 Rxf7 87. Kxf7 1-0

[Event "*** Titled Tuesday 3|2 Blitz"]
[Site "Chess.com"]
[Date "2016.07.05"]
[Round "6"]
[White "ChessNinja48"]
[Black "ZapataCharlesS"]
[Result "0-1"]
[WhiteElo "2346"]
[BlackElo "2481"]
[TimeControl "180+2"]
[EndTime "18:10:02 PDT"]
[Termination "ZapataCharlesS won by resignation"]

1. d4 d5 2. c4 dxc4 3. Nf3 Nf6 4. Bg5 e6 5. e3 Be7 6. Bxc4 O-O 7. O-O c5 8. Nc3 cxd4 9. Nxd4 a6 10. Qf3 Nbd7 11. Bb3 Ne5 12. Qe2 Ng6 13. Rfd1 Qa5 14. Bf4 e5 0-1

[Event "*** Titled Tuesday 3|2 Blitz"]
[Site "Chess.com"]
[Date "2016.07.05"]
[Round "6"]
[White "Evgeny_Levin"]
[Black "Danhy"]
[Result "1-0"]
[WhiteElo "2630"]
[BlackElo "2409"]
[TimeControl "180+2"]
[EndTime "18:10:53 PDT"]
[Termination "Evgeny_Levin won by resignation"]

1. d4 Nf6 2. c4 g6 3. Nc3 d5 4. cxd5 Nxd5 5. Bd2 Bg7 6. e4 Nxc3 7. Bxc3 O-O 8. Qd2 Nc6 9. Nf3 Bg4 10. d5 Bxf3 11. gxf3 Ne5 12. Be2 c6 13. f4 Nd7 14.
Bxg7 Kxg7 15. dxc6 bxc6 16. Rc1 Nf6 17. Rc4 Qc7 18.
e5 Nd7 19. Bf3 Rad8 20. Rxc6 Qb8 21. Qc3 Kg8 22. O-O Nb6 23. Rc7 Na4 24. Qc6 Nxb2 25. Rb7 1-0

[Event "*** Titled Tuesday 3|2 Blitz"]
[Site "Chess.com"]
[Date "2016.07.05"]
[Round "6"]
[White "Cayse"]
[Black "wonderfultime"]
[Result "0-1"]
[WhiteElo "2582"]
[BlackElo "2672"]
[TimeControl "180+2"]
[EndTime "18:11:05 PDT"]
[Termination "wonderfultime won by resignation"]

1. e4 c5 2. Nf3 d6 3. Bb5+ Nd7 4. d4 cxd4 5. Nxd4 Nf6 6. Nc3 a6 7. Be2 g6 8. O-O Bg7 9. Re1 O-O 10. Bf1 Re8 11.
g3 Ne5 12. Bg2 Bg4 13. f3 Bd7 14. b3 Rc8 15. Bb2 Qb6 16. Kh1 Nc4 17. Bc1 Ng4 18.
fxg4 Qxd4 19. bxc4 Qxd1 20. Rxd1 Bxc3 21. Rb1 Bxg4 22.
Rd3 Rxc4 23. Rxb7 Be5 24. h3 Bc8 25. Rb8 Rxc2 26. Bf4 Rxg2 27. Bxe5 dxe5 28. Kxg2 Bxh3+ 29. Kxh3 Rxb8 30. Rd5 Rb5 31. Rd7 e6 0-1

[Event "*** Titled Tuesday 3|2 Blitz"]
[Site "Chess.com"]
[Date "2016.07.05"]
[Round "6"]
[White "Ksenia_Legenko"]
[Black "simplerXiao"]
[Result "0-1"]
[WhiteElo "2059"]
[BlackElo "2297"]
[TimeControl "180+2"]
[EndTime "18:12:40 PDT"]
[Termination "simplerXiao won by checkmate"]

1. d4 Nf6 2. c4 e5 3. dxe5 Ng4 4. Nf3 Nc6 5. Nc3 Ngxe5 6. e3 Bb4 7. Be2 d6 8. O-O O-O 9. Nd5 Bc5 10. b3 a5 11. Bb2 Be6 12. Nxe5 Nxe5 13. Nf4 Bf5 14. Bf3 Rb8 15. e4 Bg6 16. Nxg6 hxg6 17. Qe2 Qh4 18. Rad1 Rfe8 19. Rfe1 g5 20. g3 Qh6 21. Bg2 Qf6 22.
Rf1 Qg6 23. Kh1 g4 24. Rd5 c6 25. Rdd1 Qh5 26. Kg1 Re6 27. Bc1 Nf3+ 28. Bxf3 gxf3 29. Qc2 Qh3 30. Qc3 Qg2# 0-1

[Event "*** Titled Tuesday 3|2 Blitz"]
[Site "Chess.com"]
[Date "2016.07.05"]
[Round "6"]
[White "goingin33"]
[Black "saraswathii"]
[Result "1-0"]
[WhiteElo "2176"]
[BlackElo "2072"]
[TimeControl "180+2"]
[EndTime "18:12:51 PDT"]
[Termination "goingin33 won by resignation"]

1. e4 c5 2. Nf3 e6 3. d4 cxd4 4. Nxd4 Nf6 5. Nc3 Nc6 6. Ndb5 Bb4 7. a3 Bxc3+ 8. Nxc3 d5 9. exd5 exd5 10. Bd3 d4 11.
Ne2 Bg4 12. f3 Bh5 13. O-O O-O 14. b4 Qd6 15. Qe1 Ne5 16. Qf2 Nxd3 17. cxd3 Bg6 18.
Rd1 Rfd8 19. Bb2 Qa6 20. Nf4 Qd6 21. Nxg6 hxg6 22. Rac1 b5 23. Rc5 a6 24. Rdc1 Rd7 25.
Rc8+ Rxc8 26. Rxc8+ Rd8 27. Rxd8+ Qxd8 28. Qxd4 Qxd4+ 29. Bxd4 Nd5 30. Kf2 Nf4 31. Ke3 Nxg2+ 32. Ke4 f6 33. Kd5 Nf4+ 34. Kc6 Nxd3 35. Kb6 Ne1 36. f4 Nc2 37. Bb2 Ne1 38. Kxa6 Nd3 39. Bd4 Nxf4 40. Kxb5 Ne6 41. Bb6 1-0

[Event "*** Titled Tuesday 3|2 Blitz"]
[Site "Chess.com"]
[Date "2016.07.05"]
[Round "6"]
[White "dawtonlms"]
[Black "TyIerDurden"]
[Result "1/2-1/2"]
[WhiteElo "2186"]
[BlackElo "2447"]
[TimeControl "180+2"]
[EndTime "18:12:57 PDT"]
[Termination "Game drawn by repetition"]

1. e4 e6 2. d3 d5 3. Nd2 Nf6 4. Ngf3 c5 5. g3 Be7 6. Bg2 Nc6 7. O-O O-O 8. Re1 b5 9. e5 Nd7 10. Nf1 Bb7 11. h4 Nb6 12. h5 h6 13. N1h2 a5 14. Ng4 a4 15. a3 b4 16. Bf4 Re8 17. Qd2 Bf8 18. Nxh6+ gxh6 19. Bxh6 Kh7 20. Bg5 Qc7 21. Bf6 Bh6 22. Ng5+ Bxg5 23. Qxg5 Rg8 24. Qh4 Nd7 25.
Be4+ dxe4 26. Qxe4+ Kh6 27. Qf4+ Kh7 28. Qe4+ Kh6 29.
Qf4+ Kh7 30. Qe4+ 1/2-1/2

[Event "*** Titled Tuesday 3|2 Blitz"]
[Site "Chess.com"]
[Date "2016.07.05"]
[Round "6"]
[White "Sanan_Sjugirov"]
[Black "GeorgMeier"]
[Result "1-0"]
[WhiteElo "2673"]
[BlackElo "2648"]
[TimeControl "180+2"]
[EndTime "18:13:00 PDT"]
[Termination "Sanan_Sjugirov won by resignation"]

1. d4 e6 2. Nf3 Nf6 3. Bg5 d5 4.
Nbd2 c5 5. e3 Bd6 6. c3 h6 7.
Bh4 Nbd7 8. Bd3 O-O 9. Qe2 b6 10. g4 g5 11. Bg3 Bxg3 12. hxg3 Nxg4 13. Ng1 f5 14. f3 Ngf6 15. Rxh6 Kg7 16. Rh2 g4 17.
O-O-O Rh8 18. Qf2 Rxh2 19. Qxh2 Qh8 20. Qf2 Nf8 21. Ne2 Ng6 22. Nf4 Bd7 23. Nxg6 Kxg6 24. e4 cxd4 25. exf5+ exf5 26. Qxd4 Qh3 27. fxg4 Qxg4 28.
Qf2 Qg5 29. Kb1 Ng4 30. Qd4 Qe3 31. Qxg4+ 1-0

[Event "*** Titled Tuesday 3|2 Blitz"]
[Site "Chess.com"]
[Date "2016.07.05"]
[Round "6"]
[White "pedromartinez91"]
[Black "IamSchrodingersCat"]
[Result "1-0"]
[WhiteElo "2320"]
[BlackElo "2226"]
[TimeControl "180+2"]
[EndTime "18:13:18 PDT"]
[Termination "pedromartinez91 won by resignation"]

1. b3 Nf6 2. Bb2 g6 3. Bxf6 exf6 4. c4 Bg7 5. Nc3 Nc6 6. g3 f5 7. Bg2 O-O 8. Rc1 Re8 9. e3 Ne5 10. d4 Ng4 11. Nge2 h5 12. h3 Nf6 13. h4 d6 14. O-O a5 15. Nf4 c6 16. Re1 Qc7 17. Na4 Bd7 18. c5 d5 19. Nb6 Ra7 20. Qd2 Be6 21. a3 Nd7 22. Nxd7 Bxd7 23. Rc2 Raa8 24. Rb1 Ra7 25. Rcb2 Rea8 26. Kh2 Bf6 27. Qe2 Kg7 28.
Bf3 Kf8 29. Rc1 Re8 30. Ra2 Rb8 31. Rca1 Rba8 32. b4 axb4 33. axb4 Qb8 34. Nd3 Rxa2 35. Rxa2 Ra7 36. Nc1 Qa8 37. b5 Rxa2 38. Qxa2 Qxa2 39. Nxa2 Ke7 40. Nb4 Kd8 41. Kg2 Kc7 42. bxc6 bxc6 43. Bxd5 Be6 44. Bxc6 Bc4 45. Bd5 1-0

[Event "*** Titled Tuesday 3|2 Blitz"]
[Site "Chess.com"]
[Date "2016.07.05"]
[Round "6"]
[White "AlexanderL"]
[Black "FairChess_on_YouTube"]
[Result "1-0"]
[WhiteElo "2561"]
[BlackElo "2713"]
[TimeControl "180+2"]
[EndTime "18:13:33 PDT"]
[Termination "AlexanderL won by resignation"]

1. d4 d5 2. c4 c6 3. Nc3 Nf6 4. e3 a6 5. Qc2 g6 6. Nf3 Bg7 7. Bd3 O-O 8. O-O Bg4 9. Ne5 Be6 10. Bd2 Nbd7 11. Nxd7 Qxd7 12. cxd5 cxd5 13. Na4 Qd8 14. Qb3 Rb8 15. Nc5 Bf5 16. Bxf5 gxf5 17. Rfc1 Ne4 18. Be1 e6 19. Rc2 Nxc5 20. Rxc5 f4 21. Rac1 Qg5 22. Qd3 f3 23. Qf1 Bf6 24. g3 Qg4 25. h3 Qe4 26. Kh2 Be7 27. R5c3 Bd6 28. Qd3 Qh4 29. Rb3 f5 30.
Bb4 Qe7 31. Bxd6 Qxd6 32. Qd1 Rfc8 33. Rxc8+ Rxc8 34. Rxb7 Qc6 35. Rb3 Qc2 36. Qxf3 Qb1 37. Rb7 Qf1 38. Qf4 h6 39. g4 1-0

[Event "*** Titled Tuesday 3|2 Blitz"]
[Site "Chess.com"]
[Date "2016.07.05"]
[Round "6"]
[White "Konavets"]
[Black "matein28"]
[Result "1-0"]
[WhiteElo "2518"]
[BlackElo "2390"]
[TimeControl "180+2"]
[EndTime "18:13:55 PDT"]
[Termination "Konavets won by resignation"]

1. b4 d5 2. Bb2 Nf6 3. e3 Bf5 4. a3 e6 5. d3 c5 6. b5 Nbd7 7. Be2 Bd6 8. g4 Bg6 9. g5 Ng8 10. Bxg7 Be5 11. Bxh8 Bxh8 12. c3 Qxg5 13. Nf3 Qh6 14. a4 Ne7 15. Ra3 e5 16. c4 e4 17.
dxe4 dxe4 18. Nfd2 Ne5 19. Nc3 Rd8 20. Qc1 f5 21. Nd5 Nxd5 22. cxd5 Rxd5 23. Nc4 Nd7 24. a5 Bf6 25. b6 a6 26. Qc2 f4 27. Qa2 f3 28. Bd1 Bf7 29. Bb3 Bg6 30. Ba4 Ke7 31. Nd2 Qg5 32. Qc4 Re5 33. Rf1 Bf7 34. Qc1 Nf8 35. Qb1 Qf5 36. Bc6 Qc8 37. Bxe4 Ne6 38. Nxf3 Rh5 39. Rg1 c4 40. Qb4+ Ke8 41. Rc3 Bxc3+ 42.
Qxc3 Rb5 43. Ne5 Rb3 44. Qxc4 Qxc4 45. Nxc4 Rb4 46. Nd6+ Ke7 47. Nxf7 Rxe4 48. Ng5 Ra4 49. Ke2 Nc5 50. Nxh7 Rxa5 51. Rg7+ Ke6 52. h4 Ra2+ 53. Kf3 a5 54. h5 Nd3 55. Rxb7 Rxf2+ 56. Kg3 Re2 57.
Ng5+ Kf5 58. Nf3 Rxe3 59. Rf7+ Ke6 60. b7 Kxf7 61. b8=Q 1-0

[Event "*** Titled Tuesday 3|2 Blitz"]
[Site "Chess.com"]
[Date "2016.07.05"]
[Round "6"]
[White "GianmarcoVaR"]
[Black "Indianlad"]
[Result "1-0"]
[WhiteElo "2421"]
[BlackElo "2557"]
[TimeControl "180+2"]
[EndTime "18:14:08 PDT"]
[Termination "GianmarcoVaR won by resignation"]

1. d4 Nf6 2. Nf3 d5 3. c4 c6 4. e3 Bf5 5. Nc3 e6 6. Nh4 Bg6 7. Be2 Nbd7 8. Qb3 Qc7 9. Bd2 Bd6 10. Nxg6 hxg6 11. h3 a6 12. Bd3 dxc4 13. Bxc4 b5 14. Be2 c5 15. Bf3 c4 16. Qc2 Rc8 17. e4 e5 18. d5 Nc5 19. O-O O-O 20. Be3 Nd3 21.
Be2 Nf4 22. Bxf4 exf4 23. Rac1 g5 24. a4 Qb8 25. axb5 axb5 26. Bf3 Be5 27. Ne2 b4 28. Rfd1 Rc5 29. Nd4 Bxd4 30. Rxd4 c3 31. Qb3 Qe5 32.
Rxb4 Rfc8 33. bxc3 Rxc3 34. Rxc3 Rxc3 35. Qb2 Nd7 36. Bg4 Nc5 37. Rc4 Na4 38. Rxa4 Qc7 39. Ra8+ Kh7 40. Rc8 Rc1+ 41. Qxc1 1-0

[Event "*** Titled Tuesday 3|2 Blitz"]
[Site "Chess.com"]
[Date "2016.07.05"]
[Round "6"]
[White "Newlight1"]
[Black "Superfelix"]
[Result "1/2-1/2"]
[WhiteElo "2290"]
[BlackElo "2345"]
[TimeControl "180+2"]
[EndTime "18:14:15 PDT"]
[Termination "Game drawn by agreement"]

1. e4 c5 2. b4 cxb4 3. a3 d5 4. exd5 e6 5. dxe6 Bxe6 6. axb4 Bxb4 7. c3 Bd6 8. d4 Nf6 9. Nf3 O-O 10. Bd3 Re8 11. O-O Nc6 12. Na3 Bg4 13. h3 Bh5 14. Nc4 Bc7 15. Bg5 h6 16. Bd2 b5 17. Ne3 a6 18. g4 Bg6 19. Bxg6 fxg6 20. Qc2 Ne4 21. Rfe1 Qd6 22. Ng2 Ng5 23. Bxg5 hxg5 24. Rxe8+ Rxe8 25. Rxa6 Qd5 26. Qa2 Qxa2 27. Rxa2 Ba5 28. Rc2 Ne7 29. Ne3 Rc8 30. d5 Rd8 31. Rb2 Nxd5 32. Rxb5 Nxe3 33. Rxa5 Nc4 34. Rc5 Nb2 35. Rxg5 Rd1+ 36. Kg2 Rd3 37. Rc5 Nd1 38. Ne5 Rd2 39. g5 Rxf2+ 40. Kg3 Rf5 41.
h4 Nxc3 42. Rc8+ Kh7 43. Nd7 Ne4+ 44. Kg2 Nxg5 1/2-1/2

[Event "*** Titled Tuesday 3|2 Blitz"]
[Site "Chess.com"]
[Date "2016.07.05"]
[Round "6"]
[White "FearlessKing64"]
[Black "akinov-akinseye"]
[Result "1-0"]
[WhiteElo "2110"]
[BlackElo "1897"]
[TimeControl "180+2"]
[EndTime "18:14:17 PDT"]
[Termination "FearlessKing64 won by resignation"]

1. e4 e5 2. Nf3 Nc6 3. Bc4 Nd4 4. c3 Nxf3+ 5. Qxf3 Qf6 6. Qe2 Bc5 7. O-O Ne7 8. d3 O-O 9. Be3 Bb6 10. Nd2 Ng6 11. g3 d6 12. f3 Bh3 13. Rf2 Rad8 14. Bb3 h6 15. Nc4 Be6 16. Nxb6 axb6 17. Bc2 Ra8 18. a3 Rfe8 19. d4 exd4 20. Bxd4 Qg5 21. f4 Qg4 22. Qd3 Nh4 23. Bd1 Qg6 24. f5 Bxf5 25. exf5 Re1+ 26.
Rf1 Rxf1+ 27. Qxf1 Nxf5 28. Bc2 Ne3 29. Bxg6 Nxf1 30.
Bxf7+ Kxf7 31. Rxf1+ Kg8 32. Kf2 c5 33. Be3 d5 34. Ke2 Re8 35. Kd2 Rd8 36. Bf4 d4 37. c4 Rd7 38. Re1 g5 39. Bb8 Rd8 40.
Bc7 Rf8 41. Bxb6 Rf2+ 42. Re2 Rf5 43. b4 cxb4 44. axb4 h5 45. Bxd4 h4 46. Re5 Rxe5 47. Bxe5 hxg3 48. Bxg3 Kf7 49. Ke3 Ke6 50. Ke4 1-0

[Event "*** Titled Tuesday 3|2 Blitz"]
[Site "Chess.com"]
[Date "2016.07.05"]
[Round "6"]
[White "rithwik2002"]
[Black "SavelijTartakover"]
[Result "0-1"]
[WhiteElo "1998"]
[BlackElo "2501"]
[TimeControl "180+2"]
[EndTime "18:14:19 PDT"]
[Termination "SavelijTartakover won by resignation"]

1. d4 Nf6 2. Bf4 g6 3. Nc3 Bg7 4. Qd2 c5 5. dxc5 Na6 6. Bh6 Bxh6 7. Qxh6 Nxc5 8. e3 Qa5 9. Ne2 d6 10. a3 Nce4 11. b4 Qc7 12. Nxe4 Nxe4 13. f3 Nf6 14. Nd4 Bd7 15. Bd3 e5 16. Ne2 O-O-O 17. O-O Qb6 18.
c4 Kb8 19. Kh1 Be6 20. e4 Rc8 21. Rfc1 Nh5 22. Qg5 f6 23. Qh6 Qf2 24. a4 Rc7 25. a5 Rhc8 26. b5 b6 27. axb6 axb6 28. Rf1 Qc5 29.
Ra6 Bxc4 30. Bxc4 Qxc4 31. Rxb6+ Rb7 32. Rxb7+ Kxb7 33. Qxh7+ Rc7 34. Qxg6 Qxe2 35. Rg1 Nf4 36. Qxf6 Qd2 37. Qh4 Rg7 38. g3 Qe2 39. gxf4 Qxf3+ 0-1